PAAA
JERSEY CITY TRITONS @ ROYSE CITY TARGARYENS
07/26/2030
 
TOP OF THE 1ST
Jersey City Tritons batting - Pitching for Royse City Targaryens : RHP Joe Pruitt
Pitching: RHP Joe Pruitt
Batting: LHB Dana Waldrip 0-0: Ball
1-0: Foul Ball, location: 2F
1-1: Ball
2-1: Called Strike
2-2: Foul Ball, location: 2F
2-2: Strikes out swinging
Batting: RHB Ed Adams 0-0: Ball
1-0: Ball
2-0: Called Strike
2-1: Ground out 5-3 (Groundball, 5)
Batting: RHB Tommy Socorro 0-0: Ball
1-0: SINGLE (Flyball, 9LS) - OUT at second base trying to stretch hit.
Top of the 1st over - 0 runs, 1 hit, 0 errors, 0 left on base; Jersey City 0 - Royse City 0
BOTTOM OF THE 1ST
Royse City Targaryens batting - Pitching for Jersey City Tritons : RHP Ricardo García
Pitching: RHP Ricardo García
Batting: SHB Miguel Herrera 0-0: Called Strike
0-1: Ball
1-1: Ball
2-1: Ball
3-1: Base on Balls
Batting: RHB Chi-ju Zhang 0-0: Called Strike
0-1: SINGLE (Flyball, 8RM)
Miguel Herrera to second
Runner from 2nd tries for 3rd, SAFE, no throw
Batting: LHB Juan Macíel 0-0: Ball
1-0: Ball
Chi-ju Zhang steals 2nd base
2-0: Ball
3-0: Foul Ball, location: 2F
3-1: SINGLE (Groundball, 3D)
Miguel Herrera scores
Chi-ju Zhang to third
Runner from 3rd tries for Home, SAFE, no throw
Batting: LHB Terrence Eler 0-0: Hit by Pitch
Juan Macíel to second
Batting: RHB Alberto Vargas 0-0: Ball
1-0: Ball
2-0: Foul Ball, location: 2F
2-1: Foul Ball, location: 2F
2-2: Strikes out swinging
Batting: LHB Gonzalo Álvarez 0-0: Ball
1-0: Ball
2-0: Grounds into double play, 6-4-3 (Groundball, 6)
Bottom of the 1st over - 2 runs, 2 hits, 0 errors, 1 left on base; Jersey City 0 - Royse City 2
TOP OF THE 2ND
Jersey City Tritons batting - Pitching for Royse City Targaryens : RHP Joe Pruitt
Batting: RHB Edgar Baeza 0-0: Called Strike
0-1: Ball
1-1: Ground out U3 (Groundball, 3L)
Batting: RHB Ju-chan Pak 0-0: Ball
1-0: Ball
2-0: Ball
3-0: Called Strike
3-1: Foul Ball, location: 2F
3-2: Strikes out looking
Batting: RHB Lionel McCloud 0-0: Ball
1-0: Ball
2-0: Called Strike
2-1: Fly out, F7 (Flyball, 7)
Top of the 2nd over - 0 runs, 0 hits, 0 errors, 0 left on base; Jersey City 0 - Royse City 2
BOTTOM OF THE 2ND
Royse City Targaryens batting - Pitching for Jersey City Tritons : RHP Ricardo García
Batting: RHB Felipe Campos 0-0: Ball
1-0: Ball
2-0: Foul Ball, location: 2F
2-1: Ball
3-1: Called Strike
3-2: Ground out 6-3 (Groundball, 6)
Batting: LHB Ashley Thachi 0-0: Ground out 4-3 (Groundball, 4)
Batting: RHB Junior Pittman 0-0: Foul Ball, location: 2F
0-1: Ball
1-1: Called Strike
1-2: Ball
2-2: SINGLE (Line Drive, 56)
Batting: SHB Miguel Herrera 0-0: Ball
1-0: Ball
2-0: Ball
3-0: Base on Balls
Junior Pittman to second
Batting: RHB Chi-ju Zhang 0-0: Called Strike
0-1: Fielders Choice at 2nd, 5-4 (Groundball, 5)
Bottom of the 2nd over - 0 runs, 1 hit, 0 errors, 2 left on base; Jersey City 0 - Royse City 2
TOP OF THE 3RD
Jersey City Tritons batting - Pitching for Royse City Targaryens : RHP Joe Pruitt
Batting: RHB Vincent Vega 0-0: Ball
1-0: Foul Ball, location: 2F
1-1: Swinging Strike
1-2: Strikes out looking
Batting: RHB Seth Rollins 0-0: Called Strike
0-1: Ball
1-1: Swinging Strike
1-2: Ground out U3 (Groundball, 3)
Batting: LHB Colt Gridley 0-0: Ball
1-0: Ball
2-0: Called Strike
2-1: SINGLE (Line Drive, 3)
Batting: LHB Dana Waldrip 0-0: Ball
1-0: Ball
2-0: SINGLE (Line Drive, 34)
Colt Gridley to second
Batting: RHB Ed Adams 0-0: SINGLE (Groundball, 6MD)
Colt Gridley to third
Dana Waldrip to second
Runner from 3rd tries for Home, SAFE, no throw
Batting: RHB Tommy Socorro 0-0: Ball
1-0: Foul Ball, location: 2F
1-1: Ball
2-1: Ground out U3 (Groundball, 34)
Top of the 3rd over - 1 run, 3 hits, 0 errors, 2 left on base; Jersey City 1 - Royse City 2
BOTTOM OF THE 3RD
Royse City Targaryens batting - Pitching for Jersey City Tritons : RHP Ricardo García
Batting: LHB Juan Macíel 0-0: Swinging Strike
0-1: Ball
1-1: Ball
2-1: Ball
3-1: Called Strike
3-2: Foul Ball, location: 2F
3-2: SINGLE (Line Drive, 56)
Batting: LHB Terrence Eler 0-0: Ball
Wild Pitch!
Juan Macíel to second
1-0: Called Strike
1-1: Called Strike
1-2: Fly out, F5 (Popup, 5F)
Batting: RHB Alberto Vargas 0-0: Ball
1-0: Ground out 5-3 (Groundball, 5)
Batting: LHB Gonzalo Álvarez 0-0: Ball
1-0: Called Strike
1-1: Ball
2-1: Ground out 4-3 (Groundball, 4)
Bottom of the 3rd over - 0 runs, 1 hit, 0 errors, 1 left on base; Jersey City 1 - Royse City 2
TOP OF THE 4TH
Jersey City Tritons batting - Pitching for Royse City Targaryens : RHP Joe Pruitt
Batting: RHB Edgar Baeza 0-0: Ball
1-0: Ball
2-0: Called Strike
2-1: Called Strike
2-2: Strikes out looking
Batting: RHB Ju-chan Pak 0-0: Called Strike
0-1: Called Strike
0-2: Strikes out swinging
Batting: RHB Lionel McCloud 0-0: Ball
1-0: Called Strike
1-1: Ball
2-1: Ball
3-1: Called Strike
3-2: DOUBLE (Line Drive, 7D)
Batting: RHB Vincent Vega 0-0: Ball
1-0: Called Strike
1-1: Swinging Strike
1-2: Fly out, F8 (Flyball, 89D)
Top of the 4th over - 0 runs, 1 hit, 0 errors, 1 left on base; Jersey City 1 - Royse City 2
BOTTOM OF THE 4TH
Royse City Targaryens batting - Pitching for Jersey City Tritons : RHP Ricardo García
Batting: RHB Felipe Campos 0-0: Ball
1-0: Ball
2-0: Ball
3-0: Called Strike
3-1: SINGLE (Groundball, 34D)
Batting: LHB Ashley Thachi 0-0: Ball
1-0: Ball
2-0: Ball
Felipe Campos steals 2nd base
3-0: Base on Balls
Batting: RHB Junior Pittman 0-0: SINGLE (Line Drive, 78S)
Felipe Campos to third
Ashley Thachi to second
Batting: SHB Miguel Herrera 0-0: Ball
1-0: Ball
2-0: Ball
3-0: Base on Balls
Felipe Campos scores
Ashley Thachi to third
Junior Pittman to second
Batting: RHB Chi-ju Zhang 0-0: Ball
1-0: Foul Ball, location: 2F
1-1: Ball
2-1: Foul Ball, location: 2F
2-2: Foul Ball, location: 2F
2-2: Strikes out swinging
Batting: LHB Juan Macíel 0-0: Swinging Strike
0-1: Ball
1-1: Ball
2-1: Ball
3-1: Base on Balls
Ashley Thachi scores
Junior Pittman to third
Miguel Herrera to second
Batting: LHB Terrence Eler 0-0: Ball
1-0: Ball
2-0: Called Strike
2-1: Foul Ball, location: 2F
2-2: GRAND SLAM HOME RUN (Flyball, 9LD), Distance : 347 ft
Batting: RHB Alberto Vargas 0-0: Swinging Strike
0-1: Ball
1-1: Hit by Pitch
Batting: LHB Gonzalo Álvarez 0-0: 2-RUN HOME RUN (Flyball, 9LD), Distance : 343 ft
Batting: RHB Felipe Campos 0-0: Called Strike
0-1: Ball
1-1: Foul Ball, location: 2F
1-2: Ground out 5-3 (Groundball, 5S)
Batting: LHB Ashley Thachi 0-0: Called Strike
0-1: Foul Ball, location: 2F
0-2: Ground out 6-3 (Groundball, 6)
Bottom of the 4th over - 8 runs, 4 hits, 0 errors, 0 left on base; Jersey City 1 - Royse City 10
TOP OF THE 5TH
Jersey City Tritons batting - Pitching for Royse City Targaryens : RHP Joe Pruitt
Batting: RHB Seth Rollins 0-0: Swinging Strike
0-1: Fly out, F7 (Flyball, 78S)
Batting: LHB Colt Gridley 0-0: Ball
1-0: SINGLE (Line Drive, 34)
Batting: LHB Dana Waldrip 0-0: Fly out, F5 (Popup, 25F)
Batting: RHB Ed Adams 0-0: Ball
1-0: Called Strike
Colt Gridley steals 2nd base
1-1: Ground out U3 (Groundball, 34S)
Top of the 5th over - 0 runs, 1 hit, 0 errors, 1 left on base; Jersey City 1 - Royse City 10
BOTTOM OF THE 5TH
Royse City Targaryens batting - Pitching for Jersey City Tritons : RHP Ricardo García
Batting: RHB Junior Pittman 0-0: Called Strike
0-1: Ball
1-1: Ground out 1-3 (Groundball, 13)
Pitching: RHP Kenny Makris
Batting: SHB Miguel Herrera 0-0: SINGLE (Line Drive, 56D)
Batting: RHB Chi-ju Zhang 0-0: Called Strike
0-1: Called Strike
0-2: Ball
1-2: Ball
2-2: Strikes out swinging
Batting: LHB Juan Macíel 0-0: Swinging Strike
0-1: Fly out, F8 (Flyball, 89M)
Bottom of the 5th over - 0 runs, 1 hit, 0 errors, 1 left on base; Jersey City 1 - Royse City 10
TOP OF THE 6TH
Jersey City Tritons batting - Pitching for Royse City Targaryens : RHP Joe Pruitt
Batting: RHB Tommy Socorro 0-0: Ball
1-0: Fly out, F7 (Flyball, 78M)
Batting: RHB Edgar Baeza 0-0: Ball
1-0: Foul Ball, location: 2F
1-1: Swinging Strike
1-2: Foul Ball, location: 2F
1-2: Ball
2-2: Strikes out swinging
Batting: RHB Ju-chan Pak 0-0: Ball
1-0: Ball
2-0: Foul Ball, location: 2F
2-1: Ball
3-1: Foul Ball, location: 2F
3-2: Strikes out swinging
Top of the 6th over - 0 runs, 0 hits, 0 errors, 0 left on base; Jersey City 1 - Royse City 10
BOTTOM OF THE 6TH
Royse City Targaryens batting - Pitching for Jersey City Tritons : RHP Kenny Makris
Batting: LHB Terrence Eler 0-0: Ball
1-0: Fly out, F5 (Popup, 56S)
Batting: RHB Alberto Vargas 0-0: Swinging Strike
0-1: Called Strike
0-2: Ball
1-2: Ball
2-2: Ball
3-2: SINGLE (Line Drive, 34D)
Batting: LHB Gonzalo Álvarez 0-0: Ball
Alberto Vargas steals 2nd base
1-0: Ground out 6-3 (Groundball, 6)
Alberto Vargas to third
Batting: RHB Felipe Campos 0-0: Called Strike
0-1: Ball
1-1: Ball
2-1: SINGLE (Groundball, 6MD)
Alberto Vargas scores
Batting: LHB Ashley Thachi 0-0: Called Strike
0-1: Called Strike
0-2: Ball
1-2: Ground out 4-3 (Groundball, 34)
Bottom of the 6th over - 1 run, 2 hits, 0 errors, 1 left on base; Jersey City 1 - Royse City 11
TOP OF THE 7TH
Jersey City Tritons batting - Pitching for Royse City Targaryens : RHP Joe Pruitt
Batting: RHB Lionel McCloud 0-0: Called Strike
0-1: Ball
1-1: Foul Ball, location: 2F
1-2: Ball
2-2: Ball
3-2: DOUBLE (Groundball, 5L)
Batting: RHB Vincent Vega 0-0: Ball
1-0: Called Strike
1-1: Fly out, F9 (Flyball, 9S)
Batting: RHB Seth Rollins 0-0: Ball
1-0: Ball
2-0: Called Strike
Lionel McCloud steals 3rd base
2-1: Ground out 6-3 (Groundball, 6)
Lionel McCloud scores
Batting: LHB Colt Gridley 0-0: Foul Ball, location: 2F
0-1: Ground out 4-3 (Groundball, 4D)
Top of the 7th over - 1 run, 1 hit, 0 errors, 0 left on base; Jersey City 2 - Royse City 11
BOTTOM OF THE 7TH
Royse City Targaryens batting - Pitching for Jersey City Tritons : RHP Kenny Makris
Batting: RHB Junior Pittman 0-0: Foul Ball, location: 2F
0-1: Ground out 1-3 (Groundball, P)
Batting: SHB Miguel Herrera 0-0: SINGLE (Flyball, 9S)
Batting: RHB Chi-ju Zhang 0-0: Ball
1-0: Foul Ball, location: 2F
1-1: Ball
2-1: Ball
3-1: Ground out 6-3 (Groundball, 6S)
Miguel Herrera to second
Batting: LHB Juan Macíel 0-0: Ball
1-0: Foul Ball, location: 2F
1-1: Called Strike
1-2: Ball
2-2: Ball
3-2: Strikes out swinging, 2-3 out at first.
Bottom of the 7th over - 0 runs, 1 hit, 0 errors, 1 left on base; Jersey City 2 - Royse City 11
TOP OF THE 8TH
Jersey City Tritons batting - Pitching for Royse City Targaryens : RHP Joe Pruitt
Batting: LHB Dana Waldrip 0-0: Foul Ball, location: 2F
0-1: Ball
1-1: Ball
2-1: Ball
3-1: Called Strike
3-2: SINGLE (Groundball, 34D)
Pitching: LHP Stanford McCain
Batting: RHB Ed Adams 0-0: Ball
1-0: Foul Ball, location: 2F
1-1: Called Strike
1-2: Strikes out swinging
Batting: RHB Tommy Socorro 0-0: Called Strike
0-1: SINGLE (Groundball, 6MS) (infield hit)
Dana Waldrip to second
Batting: RHB Edgar Baeza 0-0: Ball
1-0: Called Strike
1-1: Ball
2-1: Ground out 6-3 (Groundball, 6MS)
Dana Waldrip to third
Tommy Socorro to second
Batting: RHB Ju-chan Pak 0-0: Called Strike
0-1: Called Strike
0-2: 3-RUN HOME RUN (Flyball, 7LD), Distance : 340 ft
Batting: RHB Lionel McCloud 0-0: Ball
1-0: Ball
2-0: Ball
3-0: Called Strike
3-1: Base on Balls
Batting: RHB Vincent Vega 0-0: Called Strike
0-1: Ball
1-1: Fly out, F4 (Line Drive, 4)
Top of the 8th over - 3 runs, 3 hits, 0 errors, 1 left on base; Jersey City 5 - Royse City 11
BOTTOM OF THE 8TH
Royse City Targaryens batting - Pitching for Jersey City Tritons : RHP Kenny Makris
Batting: LHB Terrence Eler 0-0: Swinging Strike
0-1: Ball
1-1: SINGLE (Groundball, 34D)
Batting: RHB Alberto Vargas 0-0: Foul Ball, location: 2F
0-1: Foul Ball, location: 2F
0-2: Ball
1-2: Grounds into double play, 6-4-3 (Groundball, 6)
Batting: LHB Gonzalo Álvarez 0-0: Ball
1-0: Fly out, F4 (Line Drive, 4)
Bottom of the 8th over - 0 runs, 1 hit, 0 errors, 0 left on base; Jersey City 5 - Royse City 11
TOP OF THE 9TH
Jersey City Tritons batting - Pitching for Royse City Targaryens : LHP Stanford McCain
Batting: RHB Seth Rollins 0-0: Called Strike
0-1: Swinging Strike
0-2: Ball
1-2: Ground out 5-3 (Groundball, 56)
Batting: LHB Colt Gridley 0-0: Foul Ball, location: 2F
0-1: Called Strike
0-2: Strikes out swinging
Batting: LHB Dana Waldrip 0-0: SOLO HOME RUN (Flyball, 9LD), Distance : 347 ft
Batting: RHB Ed Adams 0-0: Ball
1-0: Swinging Strike
1-1: Swinging Strike
1-2: SOLO HOME RUN (Flyball, 7LD), Distance : 347 ft
Pitching: RHP Mike Farrell
Batting: RHB Tommy Socorro 0-0: Ball
1-0: Swinging Strike
1-1: SINGLE (Groundball, 6MD)
Batting: RHB Edgar Baeza 0-0: Called Strike
0-1: DOUBLE (Line Drive, 89D)
Tommy Socorro to third
Batting: RHB Ju-chan Pak 0-0: Swinging Strike
0-1: Fly out, F7 (Flyball, 7S)
Top of the 9th over - 2 runs, 4 hits, 0 errors, 2 left on base; Jersey City 7 - Royse City 11
Sunday, March 18th, 2018 - OOTP Baseball 18.8 Build 76